 Dungeon Crawl Stone Soup version 0.32-a0-131-g9dbbe29261 (console) character file.

Game seed: 12881627184350021798

36 zenocrate the Sneak (level 3, -2/33 HPs)
             Began as a Minotaur Delver on Feb 8, 2024.
             Killed from afar by an orc wizard (4 damage)
             ... with a magic dart
             ... on level 3 of the Dungeon.
             The game lasted 00:01:14 (129 turns).

zenocrate the Sneak (Minotaur Delver)                Turns: 129, Time: 00:01:15

Health: -2/33      AC:  3    Str: 18    XL:     3   Next: 19%
Magic:  2/2        EV: 12    Int:  7    God:
Gold:   6          SH:  0    Dex: 11    Spells: 2/2 levels left

rFire   . . .        a - +0 hand axe
rCold   . . .        (no shield)
rNeg    . . .        b - +0 leather armour
rPois   .            (helmet restricted)
rElec   .            (no cloak)
rCorr   .            (no gloves)
SInv    .            (no boots)
Will    .....        (no amulet)
Stlth   ++           (no ring)
HPRegen 0.25/turn    (no ring)
MPRegen 0.08/turn

%: no passive effects
@: mighty, hasted, very quick
A: horns 2, retaliatory headbutt
a: no special abilities


You were on level 3 of the Dungeon.
You visited 1 branch of the dungeon, and saw 3 of its levels.

You collected 6 gold pieces.

Inventory:

Hand Weapons
 a - a +0 hand axe (weapon)
Armour
 b - a +0 leather armour (worn)
Wands
 g - a wand of digging (3)
Scrolls
 c - a scroll of fog
 d - a scroll of revelation
 e - a scroll of fear
 i - a scroll of teleportation {unknown}


   Skills:
 + Level 4.1 Fighting
 + Level 3.1 Axes
 + Level 2.7 Dodging
 + Level 4.3 Stealth


You had 2 spell levels left.
You didn't know any spells.
Your spell library was empty.

Dungeon Overview and Level Annotations

Branches:
Dungeon (5/15)
 Temple: D:4-7

Altars:

Shops:
D:4 *


Innate Abilities, Weirdness & Mutations

You have a pair of horns on your head.
You reflexively headbutt those who attack you in melee.


Message History

An orc wizard comes into view. It is wielding a +0 dagger.
The orc hits you with a +0 hand axe.
You are too confused!
Unknown command.
Okay, then.
You're too confused to move!
Unknown command.
You closely miss the orc. You headbutt the orc.
You kill the orc!
The orc wizard mumbles some strange words.
The orc wizard flickers and vanishes!
Deactivating autopickup; reactivate with Ctrl-A.
Unknown command.
Unknown command.
You bump into the rock wall.
You hit the orc wizard.
The orc wizard is moderately wounded.
You feel less confused.
You closely miss the orc wizard. You miss the orc wizard.
The orc wizard completely misses you. The orc wizard closely misses you.
You barely miss the orc wizard. You completely miss the orc wizard.
The orc wizard hits you but does no damage.
A rat comes into view.
The orc wizard hits you with a +0 dagger.
You hit the orc wizard but do no damage.
Your headbutt misses the orc wizard. You barely miss something.
You hit the orc wizard. You barely miss the orc wizard.
You barely miss something. You barely miss the orc wizard.
You hear some strange, mumbled words.
A magic dart appears from out of thin air!
The magic dart hits you!
The orc wizard gestures at you while chanting.
The magic dart hits you!
* * * LOW HITPOINT WARNING * * *
The orc wizard hits you with a +0 dagger.
* * * LOW HITPOINT WARNING * * *
It was a potion of might.
You feel very mighty all of a sudden.
You hear some strange, mumbled words.
A magic dart appears from out of thin air!
The magic dart hits you.
You die...

#. #.# #>. ####..##
###. #......# #.^.
#......# #..#
#......#####..#
#............#
#......##....#
#......##).).#
#......##.@o.###.
##......##.o{.......
#........#....?.r.##
#........#....###>#
#........#....# ..
#........#....# .
#...>....#....#
#........######
#........#
#........#
##########


You could see 2 orc wizards and a rat.

Vanquished Creatures
  Terence (D:3)
  An orc (D:3)
  A ball python (D:4)
  A bat (D:3)
  A giant cockroach (D:3)
  A goblin (D:4)
  2 hobgoblins
  A frilled lizard (D:3)
9 creatures vanquished.

Notes
Turn   | Place    | Note
-------+----------+-------------------------------------------
     0 | D:5      | zenocrate the Minotaur Delver began the quest for the Orb.
     0 | D:5      | Reached XP level 1. HP: 19/19 MP: 0/0
    12 | D:4      | Found Asienk's General Store.
    35 | D:4      | Noticed an ogre
   102 | D:3      | Noticed Terence
   109 | D:3      | Killed Terence
   110 | D:3      | Reached XP level 2. HP: 18/27 MP: 1/1
   110 | D:3      | Reached XP level 3. HP: 22/33 MP: 2/2
   129 | D:3      | Killed from afar by an orc wizard

Illustrated notes

Levels and vault maps discovered:
D:3:      layout_rooms, serial_shops, nicolae_shop_tiny_real_fake_doors,
          uniq_terence
D:4:      gammafunk_wand_slinger, layout_basic,
          mainiacjoe_overflow_surrounded_room, serial_shops, shop, shop,
          nicolae_shop_tiny_real_fake_doors, shop, shop
D:5:      layout_cave_pools, grunt_dithmenos_smoke_and_mirrors,
          makhleb_grotto_becter, minmay_temple_entry_slanted, serial_gnoll_camp,
          gnoll_camp_mini_basic, gnoll_camp_huts_basic, gnoll_camp_medium_01,
          gnoll_camp_mini_hut, chequers_serial_rivers_small_b

Skill      XL: |  1 |
---------------+----+-----
Fighting       | 4 |  4.1
Axes           | 3 |  3.1
Dodging        | |  2.7
Stealth        | |  4.3

Action                     || total
---------------------------++-------
  Melee: Hand axe          ||    22
         Headbutt          ||     4
         Punch             ||     1
    Use: Potion            ||     2
   Stab: Sleeping          ||     1
 Armour: Leather armour    ||    24
  Dodge: Dodged            ||    11

Table legend: (Time is in decaauts)
 A = Elapsed time spent in this place.
 B = Non-inter-level travel time spent in this place.
 C = Inter-level travel time spent in this place.
 D = Time resting spent in this place.
 E = Time spent auto-exploring this place.
 F = Levels seen in this place.
 G = Mean time per level.
                   A        B        C        D        E       F      G
               +--------+--------+--------+--------+--------+-----+--------+
         Total |    124 |    124 |      0 |      0 |     46 |   3 |   41.3 |
       Dungeon |    124 |    124 |      0 |      0 |     46 |   3 |   41.3 |
               +--------+--------+--------+--------+--------+-----+--------+

Top non-repeatable levels by time:
     D:3: 56 daAuts
     D:4: 56 daAuts
     D:5: 12 daAuts
